 Dungeon Crawl Stone Soup version 0.19-a0-1704-gbd66c22 (webtiles) character file.

86 fungalreason the Cutter (level 4, -15/30 HPs)
             Began as a Halfling Assassin on Sept 27, 2016.
             Demolished by a gnoll
             ... wielding a +0 halberd
              (16 damage)
             ... on level 2 of the Dungeon.
             The game lasted 00:09:15 (1875 turns).

fungalreason the Cutter (Halfling Assassin)         Turns: 1875, Time: 00:09:16

Health: -15/30     AC:  4    Str: 12    XL:     4   Next: 77%
Magic:  4/4        EV: 14    Int:  9    God:
Gold:   114        SH:  0    Dex: 16    Spells: 0 memorised, 3 levels left

rFire  . . .     SeeInvis .     a - +2 dagger
rCold  . . .     Gourm    .     c - +0 robe
rNeg   . . .     Faith    .     (shield restricted)
rPois  .         Spirit   .     (no helmet)
rElec  .         Dismiss  .     d - +0 cloak
rCorr  .         Reflect  .     (no gloves)
MR     .....     Harm     .     (no boots)
Stlth  +++.......               (no amulet)
                                (no ring)
                                (no ring)

@: no status effects
A: mutation resistance 1
a: no special abilities


You were on level 2 of the Dungeon.
You were not hungry.

You visited 1 branch of the dungeon, and saw 2 of its levels.

You collected 114 gold pieces.

Inventory:

Hand Weapons
 a - a +2 dagger (weapon)
 b - a +0 blowgun
 p - a +0 dagger
Armour
 c - a +0 robe (worn)
 d - a +0 cloak (worn)
Jewellery
 k - a cursed amulet of the gourmand {unknown}
Scrolls
 h - 2 scrolls of magic mapping {unknown}
 i - a scroll of blinking {unknown}
 j - a scroll of recharging {unknown}
 l - 2 scrolls of remove curse {unknown}
 n - 5 scrolls of identify {unknown}
 s - a scroll of enchant weapon {unknown}
Potions
 r - 2 potions of haste
Comestibles
 g - 3 bread rations
 t - a slice of pizza


   Skills:
 + Level 2.4 Fighting
 + Level 5.0 Short Blades
 - Level 2.0 Throwing
 - Level 1.1 Dodging
 - Level 4.3 Stealth


You had 3 spell levels left.
You didn't know any spells.

Dungeon Overview and Level Annotations

Branches:
Dungeon (2/15)

Altars:

Annotations:
D:2 exclusions: gnoll, goblin and hobgoblin


Innate Abilities, Weirdness & Mutations

You are small and have problems with some larger weapons.
You are somewhat resistant to further mutation.


Message History

a - a +2 dagger (weapon)
The gnoll closely misses you.
Okay, then.
As you read the scroll labeled VEULOKHL ONATU, it crumbles to dust.
You hear a loud clanging noise!
It was a scroll of noise.
You hear a shout! x2
The adder barely misses you.
As you read the scroll labeled JUHAQ VIL QAD, it crumbles to dust.
You feel strangely unstable.
It was a scroll of teleportation.
It was a potion of cancellation.
You feel strangely stable.
Your magical effects are unravelling.
Your magical contamination has completely faded away.
You feel magically purged.
You feel yourself slow down. The adder closely misses you.
The gnoll hits you from afar with a halberd!
Ouch! That really hurt!
You die...

###..####..(.#
####....#....####
#......#.g####
#....##g.## ##
.......g## ...
..#..)#### ....
#........### .....
..######.(.#######......
#....# ###(.(gg.@Ss.....
#.##.# #########......
#.##.# <.... ..##.###
.... .###...# ... ##
###.# .. #.## #
#..######## ##..#......


You could see 2 gnolls, an adder and a giant cockroach.

Vanquished Creatures
  2 gnolls (D:2)
  An adder (D:1)
  An ooze (D:1)
  A ball python (D:1)
  7 bats
  3 hobgoblins
  7 kobolds
  A frilled lizard (D:2)
  6 goblins
  36 rats
65 creatures vanquished.

Notes
Turn   | Place    | Note
-------+----------+-------------------------------------------
     0 | D:1      | fungalreason the Halfling Assassin began the quest for the Orb.
     0 | D:1      | Reached XP level 1. HP: 14/14 MP: 1/1
   180 | D:1      | Reached skill level 3 in Short Blades
   180 | D:1      | Reached XP level 2. HP: 19/19 MP: 2/2
  1027 | D:1      | Reached XP level 3. HP: 24/24 MP: 3/3
  1071 | D:1      | Reached skill level 4 in Short Blades
  1576 | D:2      | Reached XP level 4. HP: 28/29 MP: 4/4
  1866 | D:2      | Reached skill level 5 in Short Blades
  1870 | D:2      | HP: 1/30 [gnoll/halberd (6)]
  1875 | D:2      | Demolished by a gnoll

Vault maps used:
D:1:      kilobyte_arrival_exit_the_forest, hangedman_abyss_or_decor_stabs
D:2:      first_bread, serial_bayou_lagoon_a, minmay_rats_cheesy_pizza

Skill      XL: |  1  2  3  4 |
---------------+-------------+-----
Short Blades   | 3 4 5 |  5.0
Fighting       | 2 |  2.4
Throwing       | |  2.0
Dodging        | |  1.1
Stealth        | |  4.3

Action                   |  1- 3 |  4- 6 || total
-------------------------+-------+-------++-------
Melee: Dagger            |    71 |    63 ||   134
 Fire: Blowgun           |    19 |     9 ||    28
  Use: Scroll            |       |     2 ||     2
       Potion            |       |     2 ||     2
 Stab: Sleeping          |    10 |     1 ||    11
  Eat: Chunk             |     2 |     1 ||     3
Armor: Robe              |    20 |    11 ||    31
Dodge: Dodged            |    68 |    35 ||   103
